 Dungeon Crawl Stone Soup version 0.19-a0-1008-g4c63d25 (webtiles) character file.

1063 Deemzul the Slasher (level 8, -10/57 HPs)
             Began as an Octopode Monk on July 21, 2016.
             Was a Believer of Dithmenos.
             Mangled by an orc warrior
             ... wielding a +0 scimitar
              (27 damage)
             ... on level 6 of the Dungeon.
             The game lasted 00:06:19 (5643 turns).

Deemzul the Slasher (Octopode Monk)                 Turns: 5643, Time: 00:06:20

Health: -10/57     AC:  1    Str: 11    XL:     8   Next: 27%
Magic:  8/8        EV: 15    Int:  8    God:    Dithmenos [**....]
Gold:   280        SH:  0    Dex: 16    Spells: 0 memorised, 7 levels left

rFire  . . .     SeeInvis .     d - +1 short sword (freeze)
rCold  . . .     Gourm    .     (no shield)
rNeg   . . .     Faith    .     (helmet restricted)
rPois  +         Spirit   .     (no amulet)
rElec  .         Dismiss  .     e - -4 ring of intelligence (curse)
rCorr  .         Reflect  .     D - ring of poison resistance
SustAt .         Harm     .     (no ring)
MR     .....                    (no ring)
Stlth  ++++++....               (no ring)
                                (no ring)
                                (no ring)
                                (no ring)

@: lethally poisoned (-10 -> -13), wreathed by umbra, not resistant to hostile
enchantments, very stealthy
A: almost no armour, amphibious, 8 rings, constrict 8, camouflage 1, gelatinous
body 1
a: Shadow Step, Renounce Religion


You were on level 6 of the Dungeon.
You worshipped Dithmenos.
Dithmenos was pleased with you.
You were hungry.

You visited 1 branch of the dungeon, and saw 6 of its levels.

You collected 280 gold pieces.

Inventory:

Hand Weapons
 a - a +0 falchion
 d - a +1 short sword of freezing (weapon)
Missiles
 m - 241 stones (quivered)
Armour
 F - a +0 large shield
Jewellery
 e - a cursed -4 ring of intelligence (left tentacle)
 D - a ring of poison resistance (right tentacle)
Wands
 n - a wand of confusion (33/48)
 y - a wand of slowing (27/48)
 E - a wand of lightning (4/15)
Scrolls
 c - 2 scrolls of fear {unknown}
 f - a scroll of random uselessness {unknown}
 i - 5 scrolls of identify {unknown}
 j - a scroll of immolation {unknown}
 k - 2 scrolls of enchant armour {unknown}
 p - 2 scrolls of teleportation {unknown}
 q - 3 scrolls of recharging {unknown}
 s - 4 scrolls of remove curse {unknown}
 t - a scroll of noise {unknown}
Potions
 g - 2 potions of agility {unknown}
 h - a potion of invisibility {unknown}
 l - 3 potions of brilliance {unknown}
 u - 2 potions of heal wounds {unknown}
 v - 2 potions of might {unknown}
 w - a potion of cure mutation {unknown}
 x - a potion of ambrosia {unknown}
 A - a potion of degeneration {unknown}
 C - 2 potions of mutation {unknown}
 G - a potion of flight {unknown}
 H - a potion of curing {unknown}
Books
 z - a book of Frost

   Spells                             Type                      Level
   a - Freeze                         Ice                          1
   b - Throw Frost                    Conjuration/Ice              2
   c - Ozocubu's Armour               Charms/Ice                   3
   d - Throw Icicle                   Conjuration/Ice              4
   e - Summon Ice Beast               Ice/Summoning                4
Comestibles
 b - 6 bread rations
 o - 2 meat rations
 r - 2 beef jerkies


   Skills:
 * Level 6.1 Fighting
 * Level 6.2 Long Blades
 + Level 4.8 Dodging
 + Level 6.1 Stealth


You had 7 spell levels left.
You didn't know any spells.

Dungeon Overview and Level Annotations

Branches:
Dungeon (6/15)
 Temple: D:4-7

Altars:
Ashenzari
Cheibriados
Dithmenos
Fedhas
Qazlal
Ru
Sif Muna
Vehumet
Yredelemnul


Innate Abilities, Weirdness & Mutations

You cannot wear most types of armour.
You are amphibious.
You can wear up to eight rings at the same time.
You can use your tentacles to constrict eight enemies at once.
Your skin changes colour to match your surroundings (Stealth+).
Your rubbery body absorbs attacks. (AC +1)


Message History

Unknown command.
You hit the orc warrior. You freeze the orc warrior.
The orc warrior is heavily wounded.
You constrict the orc warrior. The gnoll completely misses you.
The orc warrior hits you with a scimitar!!
Unknown command.
You hit the orc warrior but do no damage.
The orc warrior is severely wounded.
You constrict the orc warrior, but do no damage.
The gnoll hits you from afar with a spear of venom.
The orc warrior misses you.
Unknown command.
You hit the orc warrior. You freeze the orc warrior.
The orc warrior is severely wounded.
You constrict the orc warrior.
The gnoll hits you from afar with a spear of venom.
* * * LOW HITPOINT WARNING * * *
You are poisoned.
The orc warrior hits you with a scimitar!!
You die...

#### # .........#.....#
..g.##.####. .
##....>.##...#.#
..g)<....... .
.............#..
..r.###.#### #.
#............. .... #.
###....#<...### .###
####.####......##...#
.........?..#.......#
.$###.......##.###....#
#.....)@................
#...>go).##.............
#.......#####.......##..
#.....#.# #.#...... ..
#.....#.# #.#.?#.#
......#.. . .# #.... ...
# . #.... ###


You could see an orc warrior and a gnoll.

Vanquished Creatures
  Sigmund (D:3)
  A sky beast (D:5)
  An ogre (D:5)
  2 giant frogs
  A gnoll sergeant (D:6)
  A crimson imp (D:4)
  A jelly (D:5)
  A giant frog skeleton (D:4)
  2 orc wizards (D:5)
  Jessica (D:2)
  An iguana (D:5)
  3 worker ants (D:5)
  A hound skeleton (D:6)
  A worker ant zombie (D:5)
  Robin (D:2)
  A gnoll (D:5)
  2 howler monkey skeletons
  9 adders
  4 worms
  4 dart slugs (D:1)
  4 giant geckos
  15 orcs
  2 giant cockroaches
  18 goblins
  5 hobgoblins
  A jackal (D:6)
  5 quokkas
  5 bats
  2 giant newts
  2 jackal skeletons
  10 kobolds
  5 rats
113 creatures vanquished.

Notes
Turn   | Place    | Note
-------+----------+-------------------------------------------
     0 | D:1      | Deemzul the Octopode Monk began the quest for the Orb.
     0 | D:1      | Reached XP level 1. HP: 16/16 MP: 1/1
   265 | D:1      | Reached XP level 2. HP: 10/21 MP: 2/2
   586 | D:1      | Reached XP level 3. HP: 19/26 MP: 3/3
  1021 | D:2      | Noticed Robin
  1157 | D:2      | Reached XP level 4. HP: 25/33 MP: 4/4
  1206 | D:2      | Found a stormy altar of Qazlal.
  1446 | D:2      | Killed Robin
  1970 | D:2      | Found a sacrificial altar of Ru.
  2010 | D:2      | Noticed Jessica
  2013 | D:2      | Killed Jessica
  2013 | D:2      | Reached XP level 5. HP: 37/37 MP: 5/5
  2587 | D:3      | Noticed Sigmund
  2595 | D:3      | Killed Sigmund
  2595 | D:3      | Reached XP level 6. HP: 35/44 MP: 6/6
  3147 | D:4      | Reached skill level 5 in Stealth
  3694 | D:5      | Entered Level 5 of the Dungeon
  3709 | D:5      | Reached skill level 5 in Fighting
  3709 | D:5      | Reached skill level 5 in Long Blades
  3709 | D:5      | Reached XP level 7. HP: 20/50 MP: 7/7
  3922 | D:5      | Found a shattered altar of Ashenzari.
  4305 | D:5      | Found a shadowy altar of Dithmenos.
  4313 | D:5      | Became a worshipper of Dithmenos the Shadowed
  4313 | D:5      | Reached * piety under Dithmenos
  4313 | D:5      | Reached ** piety under Dithmenos
  4319 | D:5      | Found a radiant altar of Vehumet.
  4319 | D:5      | Found a blossoming altar of Fedhas.
  4333 | D:5      | Found a basalt altar of Yredelemnul.
  4336 | D:5      | Found a deep blue altar of Sif Muna.
  4724 | D:5      | Found a snail-covered altar of Cheibriados.
  5322 | D:5      | Reached XP level 8. HP: 46/57 MP: 8/8
  5643 | D:6      | Mangled by an orc warrior

Vault maps used:
D:1:      dpeg_arrival_signposts
D:2:      nicolae_ru_sacrificial_ziggurat, first_bread,
          nicolae_qazlal_eye_of_the_storm, uniq_jessica, uniq_robin
D:3:      uniq_sigmund
D:5:      lemuel_crystal_altar, minmay_overflow_temple_star_hex,
          cheibrodos_worm_habitat
D:6:      st_stairs_4, uniq_grinder

Skill      XL: |  1  2  3  4  5  6  7  8 |
---------------+-------------------------+-----
Stealth        | 3 4 5 6 |  6.1
Fighting       | 4 5 6 |  6.1
Long Blades    | 4 5 6 |  6.2
Dodging        | 4 |  4.8

Action                   |  1- 3 |  4- 6 |  7- 9 || total
-------------------------+-------+-------+-------++-------
Melee: Falchion          |    20 |       |       ||    20
       Constrict         |    15 |    28 |    20 ||    63
       Tentacles         |     9 |    22 |    22 ||    53
       Short sword       |    34 |    93 |    98 ||   225
Throw: Stone             |       |     2 |       ||     2
  Use: Potion            |       |     1 |       ||     1
 Stab: Sleeping          |     6 |    13 |     6 ||    25
  Eat: Chunk             |     1 |     7 |     6 ||    14
       Fruit             |       |     1 |       ||     1
Armor: Skin              |     3 |     7 |     4 ||    14
Dodge: Dodged            |    29 |    40 |    61 ||   130
